Map: Nightshade LE

Players

SpeCial - Winner!

  • Race: Terran Terran
  • Spawn Location: 5:00

Has

  • Race: Protoss Protoss
  • Spawn Location: 11:00

Event: IEM Katowice 2020

VOD

Have the link to the VOD?

Description

Time

  • Played on: Feb. 27, 2020, 8:31 a.m.
  • Length: 11:17

All games in this series

Show
View Real Time Build Order
Export as new Build Order

SpeCial Terran - Winner!

Build Orders: Reaper Expand 

Get SALT Encoding   

  12  0:00  SCV  
  13  0:13  SCV  
  14  0:17  Supply Depot  
  14  0:25  SCV  
  15  0:38  SCV  
  15  0:40  Barracks  
  16  0:43  Refinery  
  16  0:50  SCV  
  17  1:03  SCV  
  18  1:15  SCV  
  19  1:27  Reaper, Orbital Command  
  20  1:39  Command Center  
  20  1:52  Supply Depot  
  20  1:53  SCV  
  21  1:59  Marine  
  22  2:07  Factory  
  22  2:09  SCV  
  23  2:21  SCV  
  23  2:22  Barracks Reactor, Bunker  
  24  2:24  Refinery  
  24  2:33  SCV  
  25  2:45  SCV  
  26  2:52  Orbital Command  
  26  2:55  Hellion, Starport  
  26  2:57  SCV  
  28  3:00  Marine  
  28  3:03  Marine  
  30  3:09  SCV  
  31  3:17  Widow Mine  
  31  3:18  Marine  
  31  3:19  SCV  
  35  3:21  SCV, Marine  
  37  3:28  Supply Depot  
  37  3:30  Viking  
  37  3:32  SCV  
  40  3:36  Marine  
  40  3:39  Marine  
  40  3:40  Widow Mine  
  44  3:41  SCV  
  44  3:45  SCV  
  46  3:53  Marine  
  46  3:54  SCV  
  48  3:57  Marine  
  48  3:59  SCV  
  49  4:09  SCV  
  48  4:11  Marine  
  48  4:13  SCV  
  48  4:14  Marine  
  48  4:21  SCV  
  47  4:24  Command Center  
  47  4:25  SCV  
  47  4:27  Starport Tech Lab  
  48  4:33  SCV, Marine x2  
  48  4:37  SCV  
  52  4:41  Factory Tech Lab  
  52  4:45  SCV  
  52  4:46  Supply Depot  
  52  4:49  SCV  
  54  4:55  Barracks  
  54  5:07  SCV, Raven, Marine x2, Siege Tank  
  62  5:15  SCV  
  62  5:17  Supply Depot  
  62  5:20  SCV  
  62  5:25  Barracks  
  62  5:27  Engineering Bay  
  62  5:35  SCV x2, Marine x2  
  62  5:36  Orbital Command  
  62  5:40  Supply Depot, Siege Tank  
  69  5:44  Refinery  
  69  5:46  Refinery  
  69  5:48  SCV x2  
  71  5:53  Marine x2  
  71  5:54  Terran Infantry Weapons Level 1  
  73  5:58  Starport Reactor, Marauder  
  73  5:59  Stimpack  
  73  6:00  SCV  
  73  6:01  SCV  
  73  6:02  SCV  
  78  6:11  Marine x2  
  78  6:15  Orbital Command  
  78  6:18  SCV x2  
  82  6:19  Supply Depot  
  82  6:21  Factory Reactor  
  82  6:25  Marauder x2  
  86  6:26  Combat Shield  
  86  6:27  Missile Turret  
  86  6:31  SCV, Missile Turret  
  87  6:33  SCV  
  87  6:38  Barracks  
  88  6:41  SCV, Barracks  
  88  6:43  SCV  
  88  6:45  SCV  
  91  6:47  Marine x2  
  91  6:51  Marauder  
  91  6:52  Supply Depot  
  91  6:53  SCV  
  96  6:55  Marauder  
  96  6:58  Medivac  
  96  7:01  SCV, Medivac  
  102  7:05  SCV, Supply Depot  
  102  7:08  SCV  
  105  7:11  Marine  
  105  7:12  Marine  
  105  7:13  SCV  
  108  7:16  Widow Mine x2  
  108  7:17  SCV  
  108  7:22  Armory  
  112  7:23  SCV  
  112  7:25  SCV  
  112  7:26  Engineering Bay  
  115  7:30  SCV, Supply Depot, Barracks Tech Lab  
  115  7:31  Barracks Reactor  
  115  7:35  Marine x2  
  121  7:37  Marauder x2  
  121  7:38  Supply Depot  
  121  7:39  Widow Mine x2  
  125  7:51  Medivac x2  
  125  7:52  SCV x3  
  125  7:58  Marine  
  132  7:59  Marine  
  132  8:01  Supply Depot  
  132  8:03  Marauder, Marine  
  132  8:04  SCV x2, Marauder  
  141  8:07  SCV  
  141  8:10  Terran Infantry Weapons Level 2  
  141  8:11  Terran Infantry Armor Level 1  
  138  8:16  SCV x2  
  138  8:18  Marine  
  141  8:21  Supply Depot  
  141  8:22  SCV, Marine x3  
  141  8:23  Marauder  
  141  8:24  Marauder  
  149  8:27  Refinery  
  149  8:28  SCV, Refinery  
  149  8:29  Supply Depot  
  149  8:30  Supply Depot, Marine  
  151  8:35  Marine  
  151  8:37  Widow Mine x2  
  156  8:44  Marauder, Liberator x2  
  156  8:46  Marauder  
  153  8:53  Marauder, Marine  
  145  8:58  Widow Mine x2  
  139  9:05  SCV x3, Concussive Shells, Marauder  
  139  9:07  Marauder, Marine x2  
  145  9:14  Marauder  
  147  9:17  Supply Depot  
  147  9:18  Supply Depot  
  147  9:20  Widow Mine x2, Marine x2  
  153  9:25  Marine x2  
  153  9:27  Medivac x2, Marauder  
  153  9:28  Marauder  
  163  9:35  Command Center  
  163  9:38  Marine x2  
  163  9:39  Marine  
  163  9:43  Widow Mine  
  168  9:50  Marauder, Marine  
  168  9:57  Medivac  
  168  9:58  Marauder, Ghost Academy, Marine  
  173  10:00  Marauder, Marine  
  173  10:05  Supply Depot  
  173  10:06  Marine  
  171  10:12  Marauder, Barracks x2  
  167  10:14  Marine  
  167  10:15  Barracks  
  167  10:19  SCV, Marauder  
  168  10:28  Widow Mine x2  
  167  10:40  Marine  
  167  10:41  Marauder  
  169  10:47  Marine x2  
  169  10:48  Marine x2  
  173  10:54  Widow Mine  
  173  10:55  Widow Mine  
  154  11:17  Unknown  
Show
View Real Time Build Order
Export as new Build Order

Has Protoss 

Build Orders: 1 Gate Expand, Oracle Opening 

Get SALT Encoding   

  12  0:00  Probe  
  13  0:13  Probe  
  14  0:17  Pylon  
  14  0:25  Probe (Chrono Boost)  
  15  0:37  Probe (Chrono Boost)  
  15  0:38  Gateway  
  16  0:44  Probe (Chrono Boost)  
  16  0:46  Assimilator  
  17  0:51  Probe  
  18  1:03  Probe  
  19  1:15  Probe  
  20  1:21  Nexus  
  20  1:31  Cybernetics Core  
  20  1:36  Assimilator  
  20  1:39  Probe  
  21  1:46  Pylon  
  21  1:51  Probe  
  22  2:03  Probe  
  22  2:04  Adept (Chrono Boost)  
  25  2:15  Probe  
  26  2:18  Warp Gate  
  26  2:21  Stargate  
  26  2:27  Probe, Adept  
  29  2:35  Probe (Chrono Boost)  
  30  2:42  Probe (Chrono Boost)  
  31  2:47  Probe (Chrono Boost)  
  32  2:56  Probe x2 (Chrono Boost), Adept (Chrono Boost)  
  36  3:02  Probe, Oracle (Chrono Boost)  
  36  3:03  Probe  
  41  3:14  Probe  
  41  3:17  Pylon, Gateway  
  42  3:20  Probe  
  42  3:26  Probe  
  44  3:30  Twilight Council  
  44  3:32  Probe  
  45  3:36  Forge  
  45  3:45  Oracle  
  45  3:46  Probe x2  
  50  3:58  Probe x2  
  51  4:09  Protoss Ground Weapons Level 1  
  42  4:10  Probe x2  
  42  4:13  Stalker  
  45  4:22  Probe x2  
  47  4:27  Nexus  
  47  4:34  Probe x2  
  49  4:39  Charge  
  49  4:42  Assimilator  
  49  4:44  Assimilator  
  49  4:46  Probe  
  49  4:47  Probe  
  51  4:56  Stalker  
  48  5:08  Probe  
  48  5:09  Probe, Robotics Facility  
  47  5:15  Pylon  
  47  5:20  Probe  
  47  5:22  Probe  
  47  5:24  Gateway  
  47  5:27  Gateway  
  48  5:30  Gateway x2  
  48  5:34  Probe  
  49  5:35  Probe  
  49  5:40  Probe  
  49  5:41  Gateway  
  51  5:44  Sentry, Zealot  
  51  5:46  Probe  
  56  5:51  Probe  
  56  5:52  Pylon  
  57  5:58  Probe  
  57  5:59  Observer (Chrono Boost)  
  57  6:03  Probe  
  60  6:05  Sentry  
  60  6:07  Sentry  
  60  6:10  Pylon  
  64  6:11  Warp Prism (Chrono Boost)  
  66  6:20  Zealot  
  66  6:22  Pylon, Protoss Ground Weapons Level 2 (Chrono Boost)  
  68  6:26  Dark Shrine  
  68  6:27  Zealot  
  68  6:29  Zealot  
  68  6:30  Zealot  
  74  6:35  Pylon  
  74  6:37  Probe  
  74  6:39  Probe  
  76  6:46  Zealot x2  
  79  6:52  Blink (Chrono Boost)  
  79  6:55  Zealot x3  
  79  6:58  Probe x2  
  87  7:02  Probe  
  88  7:09  Pylon  
  89  7:15  Probe  
  89  7:21  Zealot  
  89  7:22  Zealot x2  
  95  7:23  Pylon, Zealot  
  100  7:39  Dark Templar x2  
  100  7:40  Dark Templar  
  103  7:45  Probe x3  
  106  7:56  Zealot  
  106  7:57  Zealot x3  
  100  8:10  Warp Prism (Chrono Boost)  
  100  8:14  Dark Templar x3  
  100  8:18  Archon, Zealot  
  100  8:19  Zealot x2  
  109  8:22  Archon  
  109  8:24  Zealot  
  111  8:29  Probe x2  
  111  8:30  Probe, Pylon  
  111  8:31  Pylon  
  112  8:44  Zealot  
  112  8:45  Zealot x3  
  106  8:48  Zealot  
  106  8:49  Zealot x2  
  92  9:06  Dark Templar x4  
  100  9:10  Zealot, Dark Templar x2  
  100  9:12  Warp Prism (Chrono Boost), Archon x2  
  108  9:24  Pylon  
  108  9:31  Probe x3  
  111  9:33  Assimilator  
  111  9:36  Zealot x5, Assimilator  
  120  9:46  Dark Templar  
  120  9:50  Stalker  
  120  9:51  Probe x2  
  121  9:56  Dark Templar  
  121  9:57  Stalker  
  121  9:58  Stalker  
  127  10:05  Probe  
  118  10:09  Probe x2  
  120  10:17  Probe  
  120  10:19  Templar Archives  
  118  10:21  Probe  
  117  10:29  Probe  
  117  10:31  Probe  
  115  10:45  Nexus  
  115  10:46  Pylon  
  109  10:50  Zealot  
  109  10:51  Zealot x6  
  119  10:57  Archon  

Tags
 
Add a new tag
Caveats
  • Supply blocks, unpowered buildings, or Contaminate may cause inaccurate times.
  • Supply counts are checked every 10 seconds.